 Dungeon Crawl Stone Soup version 0.31-a0-774-g0d66cbabe8 (webtiles) character file.

Game seed: 3754545264039855353

324 jlumianski the Shield-Bearer (level 6, 0/39 HPs)
             Began as a Gargoyle Fighter on Sept 18, 2023.
             Was an Initiate of Okawaru.
             Slain by an ogre
             ... wielding a +0 giant club
              (3 damage)
             ... on level 4 of the Dungeon.
             The game lasted 00:10:50 (2024 turns).

jlumianski the Shield-Bearer (Gargoyle Fighter)     Turns: 2024, Time: 00:10:51

Health: 0/39       AC: 11    Str: 21    XL:     6   Next: 48%
Magic:  6/6        EV:  9    Int:  9    God:    Okawaru [......]
Gold:   61         SH:  9    Dex:  9    Spells: 5/5 levels left

rFire   . . .        a - +0 war axe
rCold   . . .        c - +0 buckler
rNeg    + . .        b - +0 scale mail
rPois   ∞            (no helmet)
rElec   +            (no cloak)
rCorr   .            (no gloves)
SInv    .            (no boots)
Will    +....        l - amulet of reflection Stlth
                     j - ring of wizardry
HPRegen 0.26/turn    m - ring of willpower
MPRegen 0.10/turn

%: reflection, wizardry (x1)
@: no status effects
A: sickness immunity, AC +4, negative energy resistance 1, electricity
resistance, torment resistance 1, petrification resistance
a: Renounce Religion


You were on level 4 of the Dungeon.
You worshipped Okawaru.
Okawaru was noncommittal.
You visited 1 branch of the dungeon, and saw 5 of its levels.

You collected 61 gold pieces.

Inventory:

Hand Weapons
 a - a +0 war axe (weapon)
 e - a +0 dagger of venom
 r - a +1 whip of freezing
Missiles
 f - 28 stones
 i - 6 darts of dispersal
 q - a throwing net
 u - 6 atropa-tipped darts
Armour
 b - a +0 scale mail (worn)
 c - a +0 buckler (worn)
Jewellery
 j - a ring of wizardry (left hand)
 l - an amulet of reflection (around neck)
 m - a ring of willpower (right hand)
Scrolls
 d - a scroll of teleportation {unknown}
 g - a scroll of fog
 h - a scroll of immolation {unknown}
 k - 2 scrolls of blinking
Potions
 o - a potion of cancellation {unknown}
 p - a potion of degeneration {unknown}
 s - a potion of magic {unknown}


   Skills:
 + Level 4.3 Fighting
 + Level 3.8 Axes
 + Level 4.1 Armour
 + Level 1.2 Dodging
 + Level 4.8 Shields


You had 5 spell levels left.
You didn't know any spells.
Your spell library contained the following spells:

 Spells                   Type           Power      Damage    Failure   Level
 Vhi's Electric Charge    Tloc/Air       0%         N/A       99%         4
 Arcjolt                  Conj/Air       0%         1d10      100%        5
 Maxwell's Capacitive Co  Air            0%         ∞         100%        8


Dungeon Overview and Level Annotations

Branches:
Dungeon (5/15)
 Temple: D:4-7

Altars:
Okawaru


Innate Abilities, Weirdness & Mutations

You are immune to sickness and miasma.
Your stone body is resilient. (AC +4)
You are immune to poison.
You resist negative energy. (rN+)
You are resistant to electric shocks. (rElec)
You are resistant to unholy torment.
You are immune to petrification.


Message History

You barely miss the quokka. You block the quokka's attack.
The quokka bites you but does no damage.
You barely miss the quokka. The quokka completely misses you.
The quokka bites you.
You closely miss the quokka. You block the quokka's attack.
You closely miss the quokka.
The quokka bites you but does no damage.
You block the quokka's attack.
You hit the quokka.
You kill the quokka!
Okawaru accepts your kill.
You see here a +1 whip of freezing.
r - a +1 whip of freezing An ogre comes into view.
It is wielding a +0 giant club.
The ogre shouts!
Throw: 3 darts (poison)
Press: ? - help, Q - select action, (/) - cycle Shift-Dir - straight line, f - ogre
Aim: an ogre, wielding a +0 giant club (70% to hit)
You throw a poisoned dart.
The poisoned dart barely misses the ogre.
Throw: 2 darts (poison)
Press: ? - help, Q - select action, (/) - cycle Shift-Dir - straight line, f/p - ogre
Aim: an ogre, wielding a +0 giant club (70% to hit)
You throw a poisoned dart. The poisoned dart hits the ogre.
The ogre is poisoned.
Throw: dart (poison)
Press: ? - help, Q - select action, (/) - cycle Shift-Dir - straight line, f/p - ogre
Aim: an ogre, wielding a +0 giant club (poisoned, 70% to hit)
You throw a poisoned dart. The poisoned dart hits the ogre.
The ogre looks even sicker.
The ogre hits you with a +0 giant club!
You hit the ogre.
The ogre is moderately wounded.
The ogre hits you with a +0 giant club!!
Ouch! That really hurt!
* * * LOW HITPOINT WARNING * * *
You slash the ogre!
The ogre is severely wounded.
The ogre hits you with a +0 giant club.
You die...

### #.. ### #.# #.# ..
#.# #.# #. #.# #.### .
#.###.## #...###
..'.##......# #.#...
(.'((..O@...# ##... #
..#..#####..######..#####
#. #..........'.... #
#.#######..##### ###.###
#......#
#.....#####.###...
#.#.#.##....# #.##
#.#......#..# #.#
#.###.......###.##


You could see an ogre (poisoned).

Vanquished Creatures
  A black bear (D:3)
  A gnoll bouda (D:3)
  Jessica (D:3)
  5 gnolls
  4 adders (D:2)
  2 worms
  A dart slug (D:1)
  7 endoplasms
  A giant cockroach (D:2)
  12 goblins
  8 hobgoblins
  11 jackals (D:2)
  4 quokkas
  5 ball pythons
  8 bats
  A frilled lizard (D:1)
  4 kobolds
  7 rats
83 creatures vanquished.

Notes
Turn   | Place    | Note
-------+----------+-------------------------------------------
     0 | D:1      | jlumianski the Gargoyle Fighter began the quest for the
                  | Orb.
     0 | D:1      | Reached XP level 1. HP: 14/14 MP: 1/1
   146 | D:1      | Reached XP level 2. HP: 19/19 MP: 2/2
   376 | D:1      | Reached XP level 3. HP: 23/23 MP: 3/3
   805 | D:2      | Reached XP level 4. HP: 28/29 MP: 4/4
  1447 | D:3      | Noticed Jessica
  1478 | D:3      | Killed Jessica
  1479 | D:3      | Reached XP level 5. HP: 33/33 MP: 5/5
  1595 | D:4      | Noticed a black bear
  1677 | D:3      | Killed a black bear
  1678 | D:3      | Reached skill level 1 in Dodging
  1678 | D:3      | Reached XP level 6. HP: 23/38 MP: 6/6
  1829 | D:5      | Entered Level 5 of the Dungeon
  1922 | D:4      | Found an iron altar of Okawaru.
  1930 | D:4      | Became a worshipper of Warmaster Okawaru
  2024 | D:4      | Slain by an ogre

Illustrated notes

Levels and vault maps discovered:
D:1:      shiori_arrival_oz, layout_basic
D:2:      layout_loops_ring
D:3:      layout_basic, lightli_temple_of_fire, ebering_ghost_reflecting_pool,
          uniq_jessica
D:4:      layout_loops_ring, mainiacjoe_overflow_surrounded_room,
          enter_ossuary_2, kennysheep_generic_room_7, uniq_grinder
D:5:      layout_loops_corners, amcnicky_altar_gilded,
          nicolae_overflow_hallway_of_the_gods, minmay_temple_entry_stoned_glass

Skill      XL: |  1  2  3  4  5 |
---------------+----------------+-----
Axes           | 2 3 |  3.8
Fighting       | 4 |  4.3
Shields        | 4 |  4.8
Armour         | 4 |  4.1
Dodging        | 1 |  1.2

Action                     |  1- 3 |  4- 6 || total
---------------------------+-------+-------++-------
  Melee: War axe           |    98 |   169 ||   267
  Throw: Dart              |       |     3 ||     3
    Use: Scroll            |     3 |     2 ||     5
         Potion            |       |     2 ||     2
 Armour: Scale mail        |    59 |   136 ||   195
  Dodge: Dodged            |    42 |    70 ||   112
  Block: Buckler           |    42 |   104 ||   146

Table legend: (Time is in decaauts)
 A = Elapsed time spent in this place.
 B = Non-inter-level travel time spent in this place.
 C = Inter-level travel time spent in this place.
 D = Time resting spent in this place.
 E = Time spent auto-exploring this place.
 F = Levels seen in this place.
 G = Mean time per level.
                   A        B        C        D        E       F      G
               +--------+--------+--------+--------+--------+-----+--------+
         Total |   2141 |   2111 |     30 |     84 |    691 |   5 |  428.2 |
       Dungeon |   2141 |   2111 |     30 |     84 |    691 |   5 |  428.2 |
               +--------+--------+--------+--------+--------+-----+--------+

Top non-repeatable levels by time:
     D:2: 710 daAuts
     D:1: 672 daAuts
     D:3: 478 daAuts
     D:4: 275 daAuts
     D:5: 3 daAuts
